 Dungeon Crawl Stone Soup version 0.27.0-1-g7a089689b8 (webtiles) character file.

Game seed: 17275659885859410218

50260 RepHenryClay the Severer (level 14, -32/94 (97) HPs)
             Began as a Formicid Fighter on July 31, 2021.
             Was a High Priest of Okawaru.
             Annihilated by an ettin (35 damage)
             ... on level 1 of the Orcish Mines.
             The game lasted 00:28:40 (16958 turns).

RepHenryClay the Severer (Formicid Fighter)        Turns: 16958, Time: 00:28:40

HP:   -32/94 (97)   AC: 16    Str: 25    XL:     14   Next: 96%
MP:   19/19         EV:  8    Int:  9    God:    Okawaru [*****.]
Gold: 1167          SH: 13    Dex: 10    Spells: 13/13 levels left

rFire    . . .     SeeInvis +   a - +3 battleaxe
rCold    + . .     Faith    .   c - +1 kite shield
rNeg     . . .     Spirit   .   A - +0 chain mail
rPois    .         Reflect  .   (helmet unavailable)
rElec    .         Harm     .   J - +2 cloak {Will+}
rCorr    +         Rampage  .   (no gloves)
Will     +++..                  z - +0 pair of boots
Stlth    ..........             M - amulet of the acrobat
HPRegen  0.25/turn              n - ring of protection from cold
MPRegen  0.16/turn              s - ring of resist corrosion

@: lightly drained
A: permanent stasis, dig shafts and tunnels, antennae 3, four strong arms, fangs
1, frail 1, strong-willed 1
a: Dig, Shaft Self, Renounce Religion, Heroism, Finesse


You were on level 1 of the Orcish Mines.
You worshipped Okawaru.
Okawaru was extremely pleased with you.
You visited 3 branches of the dungeon, and saw 15 of its levels.
You also visited: Bailey.

You collected 1167 gold pieces.

Inventory:

Hand Weapons
 a - a +3 battleaxe (weapon)
 b - a +0 battleaxe of flaming
 e - a +0 quarterstaff
 l - a +4 dire flail of protection
 p - a +4 spear of venom
 w - a +2 vorpal war axe
Missiles
 F - 10 poisoned darts (quivered)
 P - 10 atropa-tipped darts
Armour
 c - a +1 kite shield (worn)
 z - a +0 pair of boots (worn)
 A - a +0 chain mail (worn)
 J - a +2 cloak of willpower (worn)
Jewellery
 i - a ring of wizardry
 n - a ring of protection from cold (left hand)
 s - a ring of resist corrosion (right hand)
 K - a ring of flight
 M - an amulet of the acrobat (around neck)
 O - a +6 ring of intelligence
Wands
 m - a wand of flame (15)
 q - a wand of acid (2)
 y - a wand of digging (9)
 D - a wand of mindburst (18)
 E - a wand of polymorph (17)
 I - a wand of iceblast (9)
Scrolls
 f - 3 scrolls of identify
 g - a scroll of fog
 o - 3 scrolls of enchant armour
 r - 3 scrolls of amnesia
 v - a scroll of magic mapping
 C - a scroll of fear
Potions
 d - 2 potions of might
 h - a potion of degeneration
 j - a potion of lignification
 k - 6 potions of magic
 t - 2 potions of flight
 u - 2 potions of invisibility
 x - 3 potions of curing
 B - 3 potions of brilliance
 G - 3 potions of berserk rage
 H - 4 potions of heal wounds {unknown}
 L - a potion of cancellation {unknown}
 N - a potion of resistance


   Skills:
 - Level 9.0 Fighting
 * Level 16.8 Axes
 - Level 4.6 Staves
 - Level 9.3 Armour
 - Level 9.7 Shields
 - Level 7.3 Invocations


You had 13 spell levels left.
You didn't know any spells.
Your spell library contained the following spells:

 Spells                   Type           Power      Damage    Failure   Level
 Beastly Appendage        Tmut           0%         N/A       91%         1
 Corona                   Hex            0%         N/A       91%         1
 Foxfire                  Conj/Fire      0%         2x1d4     91%         1
 Ensorcelled Hibernation  Hex/Ice        0%         N/A       97%         2
 Poisonous Vapours        Pois/Air       0%         N/A       97%         2
 Sublimation of Blood     Necr           0%         N/A       97%         2
 Wereblood                Tmut           0%         N/A       97%         2
 Frozen Ramparts          Ice            0%         1d2       99%         3
 Spider Form              Tmut/Pois      0%         N/A       99%         3
 Tukima's Dance           Hex            0%         N/A       99%         3
 Hailstorm                Conj/Ice       0%         3d3       100%        4
 Ice Form                 Ice/Tmut       0%         N/A       100%        4
 Summon Ice Beast         Ice/Summ       0%         N/A       100%        4
 Simulacrum               Ice/Necr       0%         N/A       100%        6
 Summon Hydra             Summ           0%         N/A       100%        7
 Ignition                 Fire           0%         3d3       100%        8
 Fire Storm               Conj/Fire      0%         5d1       100%        9


Dungeon Overview and Level Annotations

Branches:
Dungeon (13/15)            Temple (1/1) D:7            Lair (0/6) D:8
    Orc (1/2) D:9          Bailey (visited)
 Vaults: D:13-14

Altars:
Gozag
Kikubaaqudgha
Makhleb
Okawaru
Qazlal
Trog
Uskayaw
Wu Jian
Xom
The Shining One
Beogh

Shops:
D:4 *   D:6 *

Annotations:
D:3 2 transporters
D:5 1 runed translucent door, Hambloko's ghost, novice MiFi
D:13 3 runed translucent doors, exclusion: obsidian statue, Buchaag's ghost, novice MiMo


Innate Abilities, Weirdness & Mutations

You cannot be hasted, slowed, berserked, paralysed or teleported.
You can dig through walls and to a lower floor.
You have a pair of large antennae on your head. (SInv)
Your four strong arms can wield two-handed weapons with a shield.
You have very sharp teeth.
You are frail. (-10% HP)
You are strong-willed. (Will+)


Message History

You closely miss the orc wizard. You bite the orc wizard.
The orc wizard is lightly wounded.
You miss the orc wizard.
The orc wizard is lightly wounded.
The orc wizard hits you but does no damage.
You barely miss the orc wizard.
The orc wizard is lightly wounded.
You block the orc wizard's attack.
You slash the orc wizard!
You kill the orc wizard!
Okawaru accepts your kill.
You hit the troll. Your bite misses the troll.
The troll is lightly wounded.
You block the troll's attack. The troll barely misses you.
You block the troll's attack.
You slice the troll!!
The troll is severely wounded.
The troll bites you but does no damage. The troll claws you!
You block the troll's attack.
You barely miss the troll.
The troll is severely wounded.
You block the troll's attack. x2; The troll claws you!
You completely miss the troll.
The troll is severely wounded.
You slash the troll!
You kill the troll!
Okawaru accepts your kill.
The troll leather armour is intact enough to wear.
You slash the ettin!
The ettin is lightly wounded.
You slash the ettin!
The ettin is moderately wounded.
The ettin hits you with a +0 dire flail!!!
* * * LOW HITPOINT WARNING * * *
You block the ettin's attack.
You carve the ettin like a ham!!! Your bite misses the ettin.
The ettin is almost dead.
The ettin closely misses you.
The ettin hits you with a +0 dire flail!!
You die...

#.^.8#'#8.o.##...#.....#.........
....#...#..4....#......####......
....#...#..÷.o.##......###.>.....
.. #...#.......#..#...##.....#..
....8###8....{{######..#......###
.#.........##.#{###...........# #
#.........#####{###.))).....##
###.....###.#.##C###.....####
.............@####.......###
.....#......#####..........## ##
..#.. ##............## #.
###.....###......# #
#......##.#......#
###..............#
#........†...### ####.........###
#........####.


You could see an ettin.

Vanquished Creatures
  Gastronok (D:8)
  A boulder beetle (D:10)
  A centaur warrior (D:10)
  6 two-headed ogres
  An orc high priest (Orc:1)
  Sonja (D:11)
  An orc knight (D:9)
  Pikel (D:7)
  2 cyclopes (D:12)
  A manticore (D:12)
  2 orc sorcerers
  Maurice (D:9)
  A gargoyle (D:10)
  2 unseen horrors
  5 trolls
  Prince Ribbit (D:9)
  5 yaks (D:9)
  4 wraiths
  A steam dragon (D:7)
  Eustachio (D:4)
  Edmund (D:5)
  9 wargs
  3 acid dragons
  2 water moccasins
  12 orc warriors
  2 necrophages
  9 centaurs
  2 ogres (D:6)
  4 wolves
  3 phantoms
  2 kobold brigands
  A gnoll sergeant (D:5)
  2 bullfrogs
  2 scorpions (D:6)
  A wyvern skeleton (D:6)
  11 wights
  4 howler monkeys
  An electric eel (D:8)
  5 centaur zombies
  A bullfrog skeleton (D:5)
  5 orc priests
  A gnoll shaman (D:9)
  5 hounds
  2 jellies (D:6)
  A centaur skeleton (D:5)
  A scorpion zombie (D:5)
  3 iguanas
  10 orc wizards
  3 howler monkey zombies
  19 gnolls
  11 adders
  2 white imps
  A worm (D:2)
  3 dart slugs
  45 orcs
  11 ball pythons
  5 endoplasms
  7 giant cockroaches
  9 goblins
  11 hobgoblins
  3 jackals (D:5)
  2 quokkas
  A bat (D:3)
  A frilled lizard (D:1)
  24 kobolds
  5 rats
307 creatures vanquished.

Vanquished Creatures (others)
  A centaur (D:11)
  A wight (D:9)
2 creatures vanquished.

Grand Total: 309 creatures vanquished

Notes
Turn   | Place    | Note
-------+----------+-------------------------------------------
     0 | D:1      | RepHenryClay the Formicid Fighter began the quest for the
                  | Orb.
     0 | D:1      | Reached XP level 1. HP: 18/18 MP: 1/1
   137 | D:1      | Reached XP level 2. HP: 19/24 MP: 2/2
   305 | D:1      | Reached XP level 3. HP: 29/29 MP: 3/3
  1336 | D:2      | Reached XP level 4. HP: 35/35 MP: 4/4
  1987 | D:3      | Found a transporter.
  2048 | D:3      | Found a transporter.
  2078 | D:3      | Found a faded altar of an unknown god.
  2521 | D:3      | Reached XP level 5. HP: 40/41 MP: 5/5
  2968 | D:4      | Found an ornate altar of the Wu Jian Council.
  3095 | D:4      | Noticed Eustachio
  3114 | D:4      | Reached skill level 1 in Axes
  3115 | D:4      | Killed Eustachio
  3116 | D:4      | Reached skill level 3 in Axes
  3116 | D:4      | Reached XP level 6. HP: 23/47 MP: 6/6
  3500 | D:4      | Found Hicsen's Assorted Antiques.
  3569 | D:5      | Entered Level 5 of the Dungeon
  3641 | D:5      | Reached skill level 4 in Axes
  3716 | D:5      | Reached XP level 7. HP: 36/52 MP: 7/7
  3995 | D:5      | Reached skill level 5 in Axes
  4011 | D:5      | Found a runed translucent door.
  4014 | D:5      | Noticed Hambloko's ghost (novice MiFi)
  4080 | D:5      | Gained mutation: You are frail. (-10% HP) [potion of
                  | mutation]
  4080 | D:5      | Gained mutation: You have very sharp teeth. [potion of
                  | mutation]
  4080 | D:5      | Gained mutation: You are strong-willed. (Will+) [potion of
                  | mutation]
  4373 | D:5      | Noticed Edmund
  4389 | D:5      | Killed Edmund
  4390 | D:5      | Reached skill level 6 in Axes
  4610 | D:5      | Reached XP level 8. HP: 52/52 MP: 8/8
  4770 | D:5      | Found a shimmering altar of Xom.
  4939 | D:6      | Reached skill level 7 in Axes
  5063 | D:6      | Reached skill level 8 in Axes
  5373 | D:6      | Reached XP level 9. HP: 57/57 MP: 9/9
  5436 | D:6      | Reached skill level 9 in Axes
  5491 | D:6      | Found Idab's CLEARANCE SALE! EVERYTHING MUST GO!.
  5694 | D:7      | Found a staircase to the Ecumenical Temple.
  5699 | Temple   | Entered the Ecumenical Temple
  5747 | Temple   | Became a worshipper of Warmaster Okawaru
  6054 | D:7      | Noticed a troll
  6064 | D:7      | Killed a troll
  6065 | D:7      | Reached skill level 5 in Armour
  6176 | D:7      | Noticed Pikel
  6196 | D:7      | Killed Pikel
  6196 | D:7      | Reached * piety under Okawaru
  6197 | D:7      | Reached skill level 5 in Shields
  6658 | D:7      | Reached skill level 1 in Invocations
  6735 | D:7      | Reached skill level 10 in Axes
  7035 | D:7      | Identified the +9 dagger "Seubi Aryno" {freeze, rCorr
                  | Str+4}
  7342 | D:8      | Noticed a troll
  7353 | D:8      | Reached XP level 10. HP: 33/65 MP: 12/12
  7534 | D:8      | Found a staircase to the Lair.
  7643 | D:7      | Reached skill level 5 in Invocations
  7825 | D:7      | Reached ** piety under Okawaru
  8024 | D:8      | Noticed a two-headed ogre
  8181 | D:8      | Noticed an unseen horror
  8194 | D:8      | Killed an unseen horror
  8195 | D:8      | Reached skill level 5 in Fighting
  8277 | D:8      | Noticed Gastronok
  8328 | D:8      | Killed Gastronok
  8329 | D:8      | Reached XP level 11. HP: 17/72 MP: 16/16
  8645 | D:8      | Found a stormy altar of Qazlal.
  8648 | D:8      | Found a bloodstained altar of Trog.
  8652 | D:8      | Reached skill level 11 in Axes
  8838 | D:8      | Killed a two-headed ogre
  8959 | D:8      | Reached *** piety under Okawaru
  9225 | D:8      | Got the Guide on Toxic Flames
  9460 | D:9      | Noticed Prince Ribbit
  9474 | D:9      | Killed Prince Ribbit
  9591 | D:9      | Found a staircase to the Orcish Mines.
  9689 | D:9      | Noticed Maurice
  9715 | D:9      | Received a gift from Okawaru
  9747 | D:9      | Killed Maurice
 10121 | D:9      | Reached **** piety under Okawaru
 10611 | D:10     | Entered Level 10 of the Dungeon
 10776 | D:10     | Noticed a centaur warrior
 10788 | D:10     | Killed a centaur warrior
 10789 | D:10     | Reached skill level 12 in Axes
 11199 | D:10     | Reached XP level 12. HP: 57/81 MP: 17/17
 11361 | D:10     | Noticed a two-headed ogre
 11365 | D:10     | Killed a two-headed ogre
 11751 | D:10     | Reached ***** piety under Okawaru
 11807 | Orc:1    | Entered Level 1 of the Orcish Mines
 11838 | D:9      | You fall into a shaft and drop 3 floors!
 12119 | D:12     | Noticed a two-headed ogre
 12137 | D:12     | Killed a two-headed ogre
 12465 | D:11     | Found a flagged portal.
 12466 | D:11     | Noticed a two-headed ogre
 12475 | D:11     | Killed a two-headed ogre
 12502 | Bailey   | Entered a bailey
 13157 | D:11     | Noticed a boulder beetle
 13182 | D:10     | Killed a boulder beetle
 13182 | D:10     | Received a gift from Okawaru
 13388 | D:11     | Noticed Sonja
 13413 | D:11     | Found a glowing golden altar of the Shining One.
 13436 | D:11     | Killed Sonja
 13437 | D:11     | Reached skill level 13 in Axes
 13442 | D:11     | Reached skill level 14 in Axes
 13442 | D:11     | Reached XP level 13. HP: 10/89 MP: 18/18
 13443 | D:11     | Reached skill level 16 in Axes
 13443 | D:11     | Reached XP level 14. HP: 10/95 MP: 19/19
 15574 | D:13     | Found an opulent altar of Gozag.
 15575 | D:13     | Found a runed translucent gate.
 15575 | D:13     | Found a runed translucent gate.
 15575 | D:13     | Found a runed translucent gate.
 15575 | D:13     | Noticed Buchaag's ghost (novice MiMo)
 15577 | D:13     | Noticed a fire giant
 16957 | Orc:1    | HP: 3/94 [ettin (39)]
 16958 | Orc:1    | Annihilated by an ettin

Illustrated notes

Levels and vault maps discovered:
D:1:      mrwooster_arrival_arrow, layout_basic, minmay_pentomino_o2
D:2:      layout_basic
D:3:      gammafunk_wand_slinger, layout_basic,
          dreamdust_ecumenical_altar_angels_and_demons, st_stairs_11,
          minmay_snake_closets
D:4:      layout_rooms, pdpol_wu_jian_five_deadly_venoms, serial_shops,
          nicolae_shop_overgrown_old_shop, uniq_eustachio
D:5:      layout_loops_ring, mainiacjoe_overflow_alcove_1,
          hellmonk_ghost_happy_afterlife, uniq_edmund
D:6:      layout_cave_pools, dk_noncrumbling_4, nicolae_shop_clearance
D:7:      layout_layer_cave, minmay_temple_entry_glassed_door,
          roderic_cross_of_infinity, abandoned_shop, uniq_pikel
D:8:      layout_cave_pools, mainiacjoe_overflow_catwalk_spiral,
          erik_lair_island, uniq_gastronok
D:9:      layout_loops_ring, david_orc_3, uniq_maurice, uniq_prince_ribbit1
D:10:     layout_roguey
D:11:     layout_cave_pods, enter_bailey_3, nicolae_tso_carved_into_rock,
          uniq_sonja
D:12:     layout_irregular_city, minmay_variable_closet
D:13:     layout_gridville, david_vaults_4, ebering_ghost_gozag
Temple:   dpeg_five_rooms_temple
Orc:1:    cheibrodos_orc_guarddog, layout_diamond_mine, basic_altar,
          kennysheep_orc_chapel

Skill      XL: |  1  2  3  4  5  6  7  8  9 10 11 12 13 14 |
---------------+-------------------------------------------+-----
Staves         | 3 4 |  4.6
Armour         | 4 5 6 7 8 9 |  9.3
Axes           | 3 4 6 8 10 12 14 16 | 16.8
Shields        | 5 6 8 9 |  9.7
Fighting       | 4 5 7 8 9 |  9.0
Invocations    | 3 7 |  7.3

Action                   |  1- 3 |  4- 6 |  7- 9 | 10-12 | 13-15 || total
-------------------------+-------+-------+-------+-------+-------++-------
Melee: Quarterstaff      |    70 |   100 |       |       |       ||   170
       War axe           |       |    37 |    28 |       |       ||    65
       Spear             |       |       |   127 |   178 |       ||   305
       Bite              |       |       |    21 |    62 |    15 ||    98
       Dire flail        |       |       |    69 |   287 |     1 ||   357
       Battleaxe         |       |       |       |    61 |   139 ||   200
Throw: Dart              |       |       |       |    25 |     7 ||    32
Invok: Heroism           |       |       |     1 |     5 |     1 ||     7
 Abil: Dig               |       |     2 |       |       |     2 ||     4
       Shaft Self        |       |       |       |     1 |       ||     1
Evoke: Wand              |       |       |     7 |     9 |     1 ||    17
  Use: Potion            |       |     1 |     4 |     7 |     1 ||    13
       Scroll            |       |       |     9 |     8 |       ||    17
 Stab: Invisible         |       |       |       |     1 |       ||     1
Armor: Scale mail        |    18 |    63 |       |       |       ||    81
       Chain mail        |       |    18 |    70 |   230 |    38 ||   356
       Skin              |       |       |     6 |       |       ||     6
Dodge: Dodged            |    14 |    51 |    44 |   164 |    36 ||   309
Block: Kite shield       |    35 |    80 |    87 |   340 |    84 ||   626
